 Dungeon Crawl Stone Soup version 0.27.0-1-g7a089689b8 (webtiles) character file.

Game seed: 16397737285401351864

30 sanka the Ducker (level 3, 21/21 HPs)
             Began as a Deep Elf Gladiator on Aug 3, 2021.
             Was a Follower of Elyvilon.
             Quit the game on level 1 of the Dungeon.
             The game lasted 00:01:41 (1693 turns).

sanka the Ducker (Deep Elf Gladiator)               Turns: 1693, Time: 00:01:42

Health: 21/21      AC:  4    Str: 11    XL:     3   Next: 3%
Magic:  5/5        EV: 13    Int: 13    God:    Elyvilon [*.....]
Gold:   38         SH:  0    Dex: 16    Spells: 2/2 levels left

rFire    . . .     SeeInvis .   a - +0 quarterstaff
rCold    . . .     Faith    .   (shield currently unavailable)
rNeg     . . .     Spirit   .   b - +0 leather armour
rPois    .         Reflect  .   c - +0 helmet
rElec    .         Harm     .   (no cloak)
rCorr    .         Rampage  .   (no gloves)
Will     .....                  (no boots)
Stlth    +.........             (no amulet)
HPRegen  0.07/turn              (no ring)
MPRegen  0.09/turn              (no ring)

@: no status effects
A: no striking features
a: Renounce Religion, Lesser Healing, Divine Protection


You were on level 1 of the Dungeon.
You worshipped Elyvilon.
Elyvilon was aware of your devotion.
You visited 1 branch of the dungeon, and saw 1 of its levels.

You collected 38 gold pieces.


   Skills:
 - Level 2.0 Fighting
 + Level 3.5 Staves
 - Level 2.0 Throwing
 + Level 4.2 Dodging


You had 2 spell levels left.
You didn't know any spells.
Your spell library was empty.

Inventory:

Hand Weapons
 a - a +0 quarterstaff (weapon)
Missiles
 d - 3 throwing nets (quivered) {=f}
Armour
 b - a +0 leather armour (worn)
 c - a +0 helmet (worn)
Scrolls
 f - a scroll of fear {unknown}
 g - a scroll of fog {unknown}
 i - a scroll of brand weapon {unknown}
Potions
 e - 2 potions of curing {unknown}
 h - a potion of brilliance {unknown}

Dungeon Overview and Level Annotations

Branches:
Dungeon (1/15)

Altars:
Elyvilon

▒▒▒▒▒ ▒▒▒▒▒▒▒
▒...▒ ▒.....▒
▒.▒.▒ ▒.e...▒▒
▒.▒.▒▒ ▒..>...▒
▒.▒..▒
▒▒▒..▒.▒▒▒▒▒
▒.▒▒.▒
▒▒.▒.....▒▒▒.▒▒.▒
▒(▒▒▒▒▒..▒..▒▒.▒
▒.▒ ▒▒...▒▒▒..
▒.▒ ▒▒..▒ ▒▒▒ ▒.▒
▒..▒ ▒ ▒.▒ ▒..▒


There were no monsters in sight!


Message History

Found 14 gold pieces.
You now have 25 gold pieces (gained 14).
You see here a hobgoblin corpse.
There is an open door here.
Things that are here:
a +0 whip; a stone; a +0 dagger
Found 13 gold pieces.
You now have 38 gold pieces (gained 13).
Done exploring.
Done exploring.
Done exploring.
Done exploring.
Search for what [? for help]? .
Throw: 3 throwing nets {=f}
Okay, then.
Unknown command.
Search for what [Enter for "."]? altar
There is an open door here.
Things that are here:
a +0 whip; a stone; a +0 dagger You see here a +0 dagger.
There is a faded altar of an unknown god here.
You cannot tell which god this altar belongs to.
Convert to them anyway?
Elyvilon accepts your prayer! Elyvilon welcomes you!
You can now provide lesser healing for yourself.
You can now call on Elyvilon to save your life.
Unknown command.
Press < or > to pray at altars.
Are you sure you want to abandon this character and quit the game? (Confirm with "yes".)

Action                   || total
-------------------------++-------
Melee: Quarterstaff      ||    79
Armor: Leather armour    ||    24
Dodge: Dodged            ||    51

Levels and vault maps discovered:
D:1:      wheals_arrival_linesprint, layout_rooms, basic_ecumenical_altar,
          kennysheep_small_spiral, minmay_crystal_water

Notes
Turn   | Place    | Note
-------+----------+-------------------------------------------
     0 | D:1      | sanka the Deep Elf Gladiator began the quest for the Orb.
     0 | D:1      | Reached XP level 1. HP: 12/12 MP: 3/3
    49 | D:1      | HP: 1/12 [quokka (4)]
   378 | D:1      | Reached XP level 2. HP: 8/17 MP: 4/4
   686 | D:1      | Reached skill level 4 in Dodging
   786 | D:1      | Found a faded altar of an unknown god.
   828 | D:1      | Reached skill level 2 in Fighting
  1344 | D:1      | Reached XP level 3. HP: 20/21 MP: 5/5
  1692 | D:1      | Became a worshipper of Elyvilon the Healer
  1692 | D:1      | Reached * piety under Elyvilon
  1693 | D:1      | Quit the game

Vanquished Creatures
  A dart slug (D:1)
  5 ball pythons (D:1)
  A bat (D:1)
  2 endoplasms (D:1)
  A giant cockroach (D:1)
  4 goblins (D:1)
  2 hobgoblins (D:1)
  2 quokkas (D:1)
  A frilled lizard (D:1)
  3 kobolds (D:1)
  3 rats (D:1)
25 creatures vanquished.
